[Event "E Grand Swiss 2023"]
[Site "Chess.com"]
[Date "2023.10.30"]
[Round "6"]
[White "Sevian, Samuel"]
[Black "Sindarov, Javokhir"]
[Result "0-1"]
[WhiteElo "2698"]
[BlackElo "2658"]
[ECO "A10"]
[EventDate "2023.??.??"]
[Annotator "rafael"]
[PlyCount "46"]
[Beauty "8250632194100"]
[EventType "team-tourn"]
[EventCountry "FID"]
[TimeControl "40/5400+30:1800+30"]

1.c4 g6 2.e4 e5 3.Nf3 Bg7 4.d4 exd4 5.Nxd4 Nf6 6.Nc3 O-O {An interesting variation that I didn't know about. Black has an improved version of similar King's Indian lines, as the pawn can move to d5 in one go. This will be the main theme of the opening: how White should react to the break on d5.} 7.Be3 ( 7.Be2 {is more popular, which Black reacts to with the typical plan:} 7...Re8 8.f3 c6 $1 {[%c_effect c6;square;c6;type;GreatFind;persistent;true] followed by d7-d5.} ) 7...c6 $1 {[%c_effect c6;square;c6;type;GreatFind;persistent;true] The most accurate move.} ( 7...Re8 {is natural, but gives White chances for an advantage:} 8.Bd3 c6 9.O-O d5 10.cxd5 cxd5 11.Bb5 Rf8 12.exd5 Nxd5 13.Nxd5 Qxd5 {This was played in Tomashevsky-Sutovsky, EU-Cup Ohrid 2009. White has many possibilities and a risk-free position.} ) 8.Qd2 {This is a new move.} ( 8.Be2 {has been played before.} 8...Re8 ( 8...d5 $6 {[%c_effect d5;square;d5;type;Inaccuracy;persistent;true] is bad due to} 9.e5 ) 9.Bf3 d6 10.O-O Nbd7 {White's bishop is uncomfortable on f3.} ) ( 8.e5 {is an interesting novelty.} 8...Ne8 9.h4 $5 {[%c_effect h4;square;h4;type;Interesting;persistent;true] A pawn sacrifice that leads to a double edged position.} ( 9.Nf3 d6 {is good for Black.} ) ( 9.Qd2 d6 $1 {[%c_effect d6;square;d6;type;GreatFind;persistent;true] Black is fine.} ( 9...Bxe5 $6 10.O-O-O {followed by h4-h5, with a strong attack.} ) 10.exd6 Nxd6 ) ) 8...Re8 ( 8...d5 {is also possible:} 9.cxd5 cxd5 10.e5 Ne4 ( 10...Ng4 11.Bg5 {with unclear play.} ) 11.Nxe4 dxe4 12.e6 $1 Bxe6 13.Nxe6 Qxd2+ 14.Kxd2 fxe6 15.Bc4 {with equality.} ) 9.f3 d5 10.exd5 ( 10.cxd5 $6 cxd5 11.Bb5 Bd7 {with advantage for Black.} ) 10...cxd5 11.O-O-O Nc6 12.Nxc6 $2 {[%c_effect c6;square;c6;type;Mistake;persistent;true] Black achieves a strong initiative after this move. White has many better alternatives. The analysis of all of them is impossible, so I'll limit myself to listing the moves and their ideas.} ( 12.g4 {Avoiding the always unpleasant Bc8-f5, which pops up in many lines.} ) ( 12.h4 {Preparing the typical attack with h4-h5.} ) ( 12.Kb1 {Playing the king to b1 after castling queenside is never too bad.} ) ( 12.Nc2 {This one is more difficult to find and explain, but the computer likes it.} ) 12...bxc6 13.Bd4 {Fighing for the important a1-h8 diagonal.} ( 13.cxd5 {is answered by a thematic sacrifice:} 13...Rxe3 $1 {[%c_effect e3;square;e3;type;GreatFind;persistent;true] Kasparov would call this \"a matter of chess culture\".} ( 13...Nxd5 {is also tempting, but no as convincing:} 14.Bd4 Nxc3 15.Bxc3 ( 15.Qxc3 $2 Qg5+ 16.Kb1 Bf5+ 17.Ka1 Rad8 {with an easy win.} ) 15...Qxd2+ 16.Kxd2 Bh6+ 17.Kc2 Bf5+ 18.Bd3 Re2+ 19.Kb1 Bxd3+ 20.Rxd3 Rxg2 21.Rhd1 {with drawing chances for White.} ) 14.Qxe3 Nxd5 {The g7-bishop is a monster and White can hardly survive this.} ) 13...Rb8 14.cxd5 $2 {[%c_effect d5;square;d5;type;Mistake;persistent;true] Sevian probably missed Black's next move.} ( 14.Bd3 {is a better try, but Black is still clearly better.} ) 14...c5 $3 {[%c_effect c5;square;c5;type;Brilliant;persistent;true] This brilliant move is devastating. White is forced to either exchange the bishop and suffer on the dark squares, or capture the pawn and suffer with a lack of development.} 15.Bxc5 ( 15.Bxf6 Qxf6 {With a dream-like King's Indian type of attack.} ) 15...Qa5 16.Bd6 ( 16.Bd4 {loses by force as well:} 16...Bf5 17.g4 ( 17.Bd3 Qb4 $1 18.Bxf5 Bh6 $1 {[%c_effect h6;square;h6;type;GreatFind;persistent;true] winning the queen. This a thematic idea.} ) 17...Rec8 $1 18.gxf5 Qxa2 19.Qc2 Bh6+ 20.Rd2 Qa1+ 21.Qb1 Bxd2+ 22.Kd1 Qxb2 23.Qxb2 Rxb2 {with a totally winning position.} ) 16...Bf5 $2 {[%c_effect f5;square;f5;type;Mistake;persistent;true] Chess is a difficult game. Sindarov plays the initiative move par excellence, sacrificing the exchange. Here, however, it's better to move the rook and continue the attack calmly.} ( 16...Rb7 $1 {[%c_effect b7;square;b7;type;GreatFind;persistent;true] With many tactical ideas. In the worst case, Black can play Bd7-Rc8 and sacrifice later. The computer evaluates the position as completely winning.} ) 17.g4 $2 {[%c_effect g4;square;g4;type;Mistake;persistent;true] Now White is completely lost.} ( 17.Bxb8 $1 Rxb8 18.Bc4 $1 {[%c_effect c4;square;c4;type;GreatFind;persistent;true] This is the only defense.} ( 18.g4 $2 {[%c_effect g4;square;g4;type;Mistake;persistent;true] loses in style:} 18...Nxd5 $1 19.Qxd5 {Here Black has a pretty finish that fits well in a tactical exercise.} ( 19.Nxd5 Bxb2+ 20.Qxb2 Rc8+ $1 {[%c_effect c8;square;c8;type;GreatFind;persistent;true] with mate soon to follow.} ) 19...Qxc3+ $3 {[%c_effect c3;square;c3;type;Brilliant;persistent;true] The only way $1} ( 19...Bh6+ $2 {[%c_effect h6;square;h6;type;Mistake;persistent;true] seems to be the same, but gives White an extra chance:} 20.Rd2 Qxc3+ 21.Kd1 $1 ) 20.bxc3 Bh6+ 21.g5 Bxg5+ 22.f4 Bxf4+ 23.Rd2 Rb1# ) ( 18.Bd3 $2 Nxd5 ) 18...Qb4 ( 18...Rc8 19.g4 $1 {[%c_effect g4;square;g4;type;GreatFind;persistent;true] White escapes.} ) 19.Bb3 Rc8 20.Bc2 $1 Nxd5 21.Qxd5 Bxc3 {It still looks winning for Black, but not with the computer turned on.} 22.bxc3 Qxc3 ( 22...Qa3+ {is not enough:} 23.Kd2 Bxc2 ( 23...Qxc3+ $2 24.Ke2 {and White even wins.} ) 24.Ke2 Bxd1+ 25.Rxd1 {with equality.} ) 23.Qb3 Qxc2+ 24.Qxc2 Rxc2+ 25.Kb1 Rxg2+ 26.Ka1 Be6 {The endgame is still more pleasant for Black, but White has drawing chances.} ) 17...Rbc8 $1 {[%c_effect c8;square;c8;type;GreatFind;persistent;true] Starting a cascade of sacrifices.} 18.gxf5 Nxd5 $1 19.fxg6 ( 19.Qxd5 {loses after} 19...Rxc3+ $1 20.Kb1 ( 20.bxc3 Qxc3+ 21.Kb1 Qb2# ) 20...Qxd5 21.Rxd5 Re1+ 22.Rd1 Rxd1# ) 19...hxg6 ( 19...Nxc3 {is also decisive, but why bother analyzing it $2} 20.gxf7+ Kxf7 21.Qf4+ Kg8 22.Bc4+ Kh8 ) 20.Bh3 Nxc3 21.Bxc8 Rxc8 22.Qd3 ( 22.bxc3 Rxc3+ 23.Kb1 Qb5+ 24.Qb2 Rc1+ 25.Rxc1 Qxb2# ) 22...Qxa2 23.Bc7 Nxd1 0-1

[Event "E Women's Grand Swiss 2023"]
[Site "Chess.com"]
[Date "2023.10.27"]
[Round "3"]
[White "Vaishali, Rameshbabu"]
[Black "Garifullina, Leya"]
[Result "1-0"]
[WhiteElo "2448"]
[BlackElo "2402"]
[ECO "B23"]
[EventDate "2023.??.??"]
[Annotator "rafael"]
[PlyCount "49"]
[Beauty "8249424243742"]
[EventType "game"]
[EventCountry "FID"]
[TimeControl "40/5400+30:1800+30"]

1.e4 c5 2.Nc3 d6 3.f4 g6 4.Nf3 Bg7 5.Bb5+ {This move begins a more subtle way of playing the Grand Prix Attack, one of the most dangerous lines of the Sicilian.} ( 5.Bc4 {is the traditional Grand Prix move.} ) 5...Bd7 {Clearly the best way to block the check.} ( 5...Nc6 $6 6.Bxc6+ bxc6 7.d3 {leads to a strategically dubious position for Black, as proved in many games.} ) ( 5...Nd7 {is a bit strange.} ) 6.Bc4 {I'm not a great expert on the Grand Prix Attack and its subtleties, so I'm afraid I'd need a few hours to understand exactly what reasons lead White to leave Black's bishop on d7. Even without in-depth analysis, I will give a clue in the following moves as to what I believe to be the reason.} 6...Nc6 7.d3 Na5 $1 {[%c_effect a5;square;a5;type;GreatFind;persistent;true] This move makes good use of the bishop on d7, since now White cannot return with the bishop to b5 (because of 8...Bxc3+).} ( 7...e6 8.f5 exf5 ( 8...Nge7 $2 9.Ng5 {Here we see a problem with the bishop on d7, as d6-d5 is not possible.} ) 9.O-O {This has been played in a few games and I believe, though I'm not sure, that it is the reason for provoking the bishop into d7, since there are some possibilities with Bc1-f4 attacking the d6-pawn.} ) 8.Bd2 {Necessary to avoid ...Bxc3 and to prepare White's following plan.} 8...e6 9.Qe2 Ne7 10.O-O-O {Vaishali had played all this before. To be honest, this whole line, exchanging the light-squared bishop and castling on the queenside into the middle of the fire, seems to me to be extremely dubious for White. But, as they say, \"fortune favors the bold.\" Nihal has also played this position, so maybe the Indian players have analyzed it together.} 10...a6 {I don't like this move, although it's one of the top options of the computer. I think it makes Black's subsequent play difficult in a practical game.} ( 10...O-O $1 {[%c_effect g8;square;g8;type;GreatFind;persistent;true] is a very natural reply: Black should not be afraid of castling in the Sicilian. The game becomes a race.} 11.h4 d5 ( 11...b5 $1 {[%c_effect b5;square;b5;type;GreatFind;persistent;true] is more accurate. Black has a fine position.} 12.Bxb5 Bxb5 13.Nxb5 Rb8 14.Nc3 Nac6 {with excellent compensation.} ) 12.Bb3 {Extremely risky. Now Black has many tempting moves.} ( 12.exd5 {is more sensible:} 12...exd5 13.Nxd5 Nxd5 14.Bxd5 Bg4 15.c4 Nc6 {with chances for both sides.} ) 12...d4 {Nihal-Petrov, Cappelle la Grande 2022.} ( 12...Nxb3+ ) ( 12...b5 ) ) 11.f5 $1 {[%c_effect f5;square;f5;type;GreatFind;persistent;true] White must be fast.} 11...b5 ( 11...exf5 $2 {[%c_effect f5;square;f5;type;Mistake;persistent;true] is bad:} 12.exf5 Nxc4 ( 12...Bxf5 13.Bxf7+ $1 {[%c_effect f7;square;f7;type;GreatFind;persistent;true] The bishop sacrifice leads to a decisive attack.} 13...Kxf7 14.g4 Bd7 15.Ng5+ Kg8 16.Ne6 Qe8 17.Nc7 {and White wins.} ) 13.dxc4 {White has a clear advantage since capturing the f-pawn is bad.} 13...Bxf5 $6 14.Rhe1 {with a winning initiative.} ) ( 11...Nxc4 $2 {[%c_effect c4;square;c4;type;Mistake;persistent;true] is also wrong:} 12.dxc4 gxf5 13.Bf4 {the d6-pawn is attacked by the rook now that the d-file has opened.} ) ( 11...O-O {Again castling is a good option.} 12.Bg5 {White has other attempts and they look dangerous in a practical game, but the computer is not scared.} 12...h6 13.f6 hxg5 14.fxg7 Kxg7 15.h4 $5 gxh4 16.Rxh4 Rh8 17.Rdh1 Rxh4 18.Rxh4 Ng8 {Black has defended the immediate threats and is a pawn up, but White still has some tricks.} ) 12.f6 $1 ( 12.Bb3 $2 {[%c_effect b3;square;b3;type;Mistake;persistent;true] is too slow.} 12...b4 {Black's counter-attack is faster.} ) 12...Bxf6 13.e5 $1 Bg7 ( 13...bxc4 $2 {[%c_effect c4;square;c4;type;Mistake;persistent;true] is wrong due to} 14.exf6 Nf5 15.dxc4 {with a big advantage for White.} ) ( 13...dxe5 {is an important alternative and leads to total chaos.} 14.Ne4 Nec6 $1 {[%c_effect c6;square;c6;type;GreatFind;persistent;true] The only move. The position is scary for Black and I doubt it's possible to survive in a practical game, but the computer considers it equal, as always. The analysis would lead us too far afield, so I'll only mention that both 15.Nfg5 and 15.Nd6 demand inhuman precision from Black.} 15.Nd6+ ( 15.Nfg5 ) ) 14.Ne4 Nb7 $2 {[%c_effect b7;square;b7;type;Mistake;persistent;true] The move that deviates from Vaishali's previous game in this line is actually a losing mistake.} ( 14...O-O 15.Bg5 dxe5 $2 ( 15...bxc4 {is necessary. I'll copy the same comment from above: the computer thinks this is playable, but Black is never going to survive this in a real game.} 16.Nf6+ Bxf6 ( 16...Kh8 17.h4 h5 $1 18.g4 {This looks totally losing for Black, but according to the machine, it's equal.} ) 17.Bxf6 {Black will suffer on the dark squares.} ) 16.Nf6+ Kh8 17.Nxe5 {with a big advantage for White in Vaishali-Assaubayeva, FIDE Grand Swiss (Women) Riga 2021.} ( 17.h4 {is also very tempting.} ) ) 15.Bg5 $6 ( 15.exd6 $1 {[%c_effect d6;square;d6;type;GreatFind;persistent;true] is the best move.} 15...Nc6 ( 15...bxc4 16.Bg5 $1 {[%c_effect g5;square;g5;type;GreatFind;persistent;true] wins for White.} ) ( 15...Nf5 16.Bg5 f6 17.Bxe6 $1 {[%c_effect e6;square;e6;type;GreatFind;persistent;true] The same trick from our main line, with similar variations.} ) 16.Bg5 f6 17.Bxe6 $1 {[%c_effect e6;square;e6;type;GreatFind;persistent;true] It's necessary to foresee this move when playing 15.exd6.} 17...Bxe6 ( 17...fxg5 18.Bd5 {with a deadly attack on the e-file.} ) 18.Nxf6+ Kf7 19.Rhf1 $1 {[%c_effect f1;square;f1;type;GreatFind;persistent;true] Black loses in all lines, for instance:} 19...Bxf6 ( 19...h6 20.Ne5+ Nxe5 21.Qxe5 hxg5 22.Ne8+ $1 {[%c_effect e8;square;e8;type;GreatFind;persistent;true] with mate.} ) ( 19...Qxd6 20.Ne4 {Followed by a winning discovered check.} ) 20.Bxf6 Qxd6 21.Ng5+ {with an easy win.} ) 15...Bc6 $2 ( 15...Qc7 $1 {[%c_effect c7;square;c7;type;GreatFind;persistent;true] is the only possible defense, where White still has a strong initiative, but the game remains unclear.} 16.Nf6+ ( 16.exd6 Nxd6 17.Nf6+ Kf8 ) 16...Kf8 17.Bb3 ) 16.Bxe6 $3 {[%c_effect e6;square;e6;type;Brilliant;persistent;true] An excellent sacrifice that leads to a winning attack.} 16...Bxe4 ( 16...fxe6 17.Nf6+ $1 {[%c_effect f6;square;f6;type;GreatFind;persistent;true] This is the point of the sacrifice.} ( 17.exd6 {Also a tempting continuation, but wrong:} 17...Nxd6 18.Nxc5 Bd5 $1 {[%c_effect d5;square;d5;type;GreatFind;persistent;true] and Black manages to survive.} ) 17...Kf8 ( 17...Bxf6 18.exf6 {is easily winning for White.} ) 18.Rhf1 $1 {[%c_effect f1;square;f1;type;GreatFind;persistent;true] Now the king cannot escape from the f-file.} 18...h6 19.Nh5 $1 gxh5 ( 19...hxg5 20.Nxg5+ Kg8 21.Nf6+ Bxf6 22.exf6 {and White wins.} ) 20.Nd4+ Ke8 21.Nxc6 $18 ) 17.exd6 $2 {[%c_effect d6;square;d6;type;Mistake;persistent;true] A big mistake, giving Black one more chance to get back into the game.} ( 17.dxe4 $1 {[%c_effect e4;square;e4;type;GreatFind;persistent;true] closes the curtain:} 17...fxe6 18.exd6 Nxd6 19.e5 {with a totally winning position.} ) 17...Nxd6 $2 {[%c_effect d6;square;d6;type;Mistake;persistent;true] The final mistake.} ( 17...Qxd6 $1 {[%c_effect d6;square;d6;type;GreatFind;persistent;true] is the only way.} 18.Qxe4 Qxe6 19.Qxb7 O-O $3 {[%c_effect g8;square;g8;type;Brilliant;persistent;true] This move, which leaves the knight with only one defender, was certainly missed by both players. Now White must be careful.} 20.Rhe1 $1 ( 20.Qxe7 $2 Qxa2 {Now Black is the one attacking.} ) ( 20.Bxe7 Rfb8 21.Qc7 Qxa2 {again with the initiative.} ) 20...Qxa2 21.Bxe7 Qxb2+ 22.Kd2 Rfe8 {Anything can happen now, but Black is not worse anymore.} ) 18.dxe4 Qb6 ( 18...fxe6 19.e5 $18 ) 19.e5 {The game is over.} 19...Ndf5 20.Bd7+ Kf8 21.g4 Nd4 22.Nxd4 cxd4 23.Qf3 Ra7 24.Rhf1 Nf5 25.gxf5 ( 25.gxf5 Rxd7 26.Qa8+ ) 1-0

[Event "Knockout"]
[Site "Chess.com"]
[Date "2023.10.19"]
[Round "2"]
[White "Shuvalova, Polina"]
[Black "Rozman, Levy"]
[Result "1-0"]
[WhiteElo "2769"]
[BlackElo "2653"]
[ECO "B12"]
[EventDate "2023.??.??"]
[Annotator "rafael"]
[PlyCount "93"]
[Beauty "7218095199784"]
[EventType "simul"]
[EventRounds "2"]
[TimeControl "180+1"]

1.e4 c6 2.d4 d5 3.e5 c5 {This is a popular alternative to the more solid 3...Bf5. The absence of the pawn on e6 gives prospects of a happier life for the bishop on c8.} 4.Nf3 cxd4 5.Nxd4 e6 ( 5...Nc6 {is played more often.} ) 6.Bd3 ( 6.Nd2 {is a good plan for White, bringing the knight to f3. A recent example followed:} 6...Ne7 7.N2f3 Nbc6 8.c3 Nxd4 9.Qxd4 Nf5 10.Qf4 {with the advantage for White in Navara-Movsesian, Czech Republic 2022.} ) 6...Ne7 7.Nd2 Nbc6 8.Nxc6 bxc6 9.Nf3 Rb8 ( 9...Ba6 {is a clever move to exchange bishops. The point is} 10.Bxa6 Qa5+ $1 ) 10.O-O Qc7 11.c3 c5 12.Re1 h6 {Black has fallen into an uncomfortable position. His pieces are not playing, and the king will not find a suitable refuge.} 13.b3 ( 13.b4 {is interesting, trying to open the game. After} 13...Nc6 14.bxc5 Bxc5 15.Qa4 $1 {[%c_effect a4;square;a4;type;GreatFind;persistent;true] The queen goes to g4, and Black is in danger.} ) 13...Bd7 14.c4 d4 ( 14...dxc4 {is better, opening the diagonal for the light-squared bishop.} 15.bxc4 ( 15.Bxc4 Bc6 ) 15...Bc6 {with a playable position.} ) 15.h4 Nc6 16.Bf4 $2 {[%c_effect f4;square;f4;type;Mistake;persistent;true] This allows Black to close the kingside with a typical device. Let's not forget this is a blitz game.} ( 16.h5 ) 16...Be7 $2 ( 16...f5 $1 {[%c_effect f5;square;f5;type;GreatFind;persistent;true] The pawn cannot be captured, and this brings enormous relief to Black's position, since the attack on the kingside is neutralized.} ) 17.h5 Nb4 ( 17...f5 {This is not good anymore:} 18.exf6 Qxf4 19.fxe7 ) 18.Be4 a5 ( 18...Bc6 $1 ) 19.a3 Nc6 20.Bc2 a4 {Black tries to get some counterplay; otherwise, what to do $2} 21.bxa4 $1 {[%c_effect a4;square;a4;type;GreatFind;persistent;true] The open file is actually helpful for White.} 21...Na5 22.Qd3 ( 22.Nd2 $1 {[%c_effect d2;square;d2;type;GreatFind;persistent;true] is even better, since the queen can go to g4.} ) 22...Bc6 23.Rab1 Kd7 24.Nd2 ( 24.Rb5 $1 {[%c_effect b5;square;b5;type;GreatFind;persistent;true] White can use immediately the idea that will be seen later in the game. This exchange sacrifice is even better in this version, since White is left with another rook to attack.} ) 24...Rxb1 25.Rxb1 Rb8 26.Rb5 $1 {[%c_effect b5;square;b5;type;GreatFind;persistent;true] A pretty exchange sacrifice in order to unite White's pawns.} 26...Bxb5 27.axb5 Nb7 $2 ( 27...Bg5 {is a better chance, although White's position is much better after} 28.Bxg5 hxg5 29.Qg3 f5 $1 30.Qxg5 Qxe5 31.Nf3 Qf6 32.Qf4 ) 28.Qf3 ( 28.Qh7 {is also very good for White:} 28...Bf8 29.Qg8 Ke7 30.Be4 {Black is paralyzed.} ) 28...Nd8 29.Ne4 Qa5 30.Bd2 Qc7 31.Qg3 Ra8 32.a4 {The pawns start rolling, and it seems the game is over. But in blitz, many things can happen.} 32...f5 33.exf6 $6 ( 33.Nd6 $1 {[%c_effect d6;square;d6;type;GreatFind;persistent;true] is cleaner:} 33...Bxd6 34.exd6 Qxd6 35.Qxg7+ {with an easy win.} ) 33...Qxg3 34.fxg3 $2 {[%c_effect g3;square;g3;type;Mistake;persistent;true] This leaves Black with two dangerous passed pawns.} ( 34.Nxg3 {is correct, and White is still winning after} 34...gxf6 35.a5 ) 34...gxf6 {Black is ready to play f5 and later e5. Suddenly the game becomes sharp.} 35.Bxh6 {A pawn is a pawn.} ( 35.a5 f5 36.Nf2 Nb7 37.a6 Nd6 {The c4-pawn is attacked, and the f5-pawn protected, so Black can play e5 next. Anything can happen.} ) 35...Nf7 36.Bd2 f5 37.Nf2 Bg5 $2 {[%c_effect g5;square;g5;type;Mistake;persistent;true] Black deviates from the right plan.} ( 37...Nd6 $1 38.Bb3 e5 {With a crazy endgame where the pawns are advancing all over the board.} ) 38.Bf4 $2 ( 38.Bxg5 Nxg5 39.g4 $1 {[%c_effect g4;square;g4;type;GreatFind;persistent;true] This important move breaks the pawn chain and leaves White with a winning position.} ) 38...Ke7 $2 ( 38...Bxf4 {is necessary:} 39.gxf4 Nd6 40.Bb3 Kc7 41.Nd3 Kb6 {The king blocks the pawns, and the endgame is balanced.} 42.Ne5 ) 39.Nd3 {White is on command again.} 39...e5 {A desperate attempt to complicate the game.} ( 39...Bxf4 40.gxf4 Nd6 41.Bb3 Ne4 42.Ne5 {White's pawns will soon crash through.} ) 40.Bxg5+ ( 40.Nxe5 {is more accurate:} 40...Nxe5 41.Bxe5 ( 41.Bxg5+ Ke6 42.Bb3 {is also winning.} ) 41...Ke6 42.Bc7 {Followed by the advance of the queenside.} ) 40...Nxg5 41.Nxe5 Ne4 ( 41...Kd6 {is the only chance.} ) 42.a5 Kd6 ( 42...Rxa5 43.Nc6+ ) 43.Nc6 Nd2 ( 43...Nxg3 {leads to an interesting variation:} 44.h6 $1 Rh8 45.a6 $1 Rxh6 46.a7 f4 {White must be careful now.} 47.Kf2 $1 ( 47.a8=Q $4 Rh1+ 48.Kf2 Rf1# ) 47...Rh1 48.Kf3 Ra1 49.Kxf4 {with a winning position.} ) 44.Bd3 Nb3 45.a6 Nd2 46.h6 Ne4 47.a7 {There are too many passed pawns advancing.} 1-0